 Dungeon Crawl Stone Soup version 0.28-a0-1429-gf3d713df7a (webtiles) character file.

Game seed: 7118559089902670246

8548 oldriver the Geomancer (level 10, -7/88 HPs)
             Began as a Demigod Earth Elementalist on Jan 8, 2022.
             Mangled by an eight-headed hydra (14 damage)
             ... on level 1 of the Lair of Beasts.
             The game lasted 00:22:32 (12714 turns).

oldriver the Geomancer (DgEE)                      Turns: 12714, Time: 00:22:32

Health: -7/88      AC:  9    Str: 13    XL:     10   Next: 87%
Magic:  22/22      EV: 17    Int: 21    God:
Gold:   609        SH:  0    Dex: 18    Spells: 15/21 levels left

rFire   . . .      SeeInvis .   g - +10 morningstar "Eos" {elec, Halo rElec}
rCold   . . .      Faith    .   (no shield)
rNeg    . . .      Spirit   .   q - +0 swamp dragon scales
rPois   +          Reflect  .   (no helmet)
rElec   +          Harm     .   (no cloak)
rCorr   +          Rampage  .   x - +0 pair of gloves
Will    +....                   i - +0 pair of boots
Stlth   +.........              C - amulet of magic regeneration
HPRegen 0.24/turn               K - +4 ring of evasion
MPRegen 0.58/turn               l - ring of resist corrosion

@: glowing
A: high mp 1, forlorn, divine attributes
a: no special abilities


You were on level 1 of the Lair of Beasts.
You visited 2 branches of the dungeon, and saw 11 of its levels.
You also visited: Bailey.

You collected 609 gold pieces.

Inventory:

Hand Weapons
 g - the +10 morningstar "Eos" (weapon) {elec, Halo rElec}
   (You found it on level 2 of the Dungeon)

   It occasionally discharges a powerful burst of electricity upon striking a
   foe.
   It grants its wielder a halo, increasing accuracy against those within it.
   rElec:     It insulates you from electricity.
 L - the +8 flail of Crystal {speed, Fragile rN+ rCorr Dex+9}
   (You found it on level 10 of the Dungeon)

   Attacks with this weapon are significantly faster.
   Dex:       It affects your dexterity (+9).
   rN:        It protects you from negative energy.
   rCorr:     It protects you from acid and corrosion.
   Fragile:   It will be destroyed if unequipped.
Missiles
 c - 157 stones
 v - 3 throwing nets
Armour
 i - a +0 pair of boots (worn)
 q - +0 swamp dragon scales (worn)
 x - a +0 pair of gloves (worn)
Jewellery
 k - a ring of see invisible
 l - a ring of resist corrosion (right hand)
 n - a ring of positive energy
 C - an amulet of magic regeneration (around neck)
 J - a ring of magical power
 K - a +4 ring of evasion (left hand)
Wands
 b - a wand of iceblast (6)
 t - a wand of acid (6)
 E - a wand of paralysis (1)
 H - a wand of flame (40)
Scrolls
 a - 3 scrolls of blinking
 o - 3 scrolls of vulnerability
 p - a scroll of enchant armour
 r - 2 scrolls of teleportation
 u - a scroll of identify
 F - a scroll of fear
Potions
 d - 9 potions of mutation
 e - 2 potions of invisibility {unknown}
 f - 2 potions of ambrosia {unknown}
 h - a potion of berserk rage
 j - 4 potions of heal wounds
 m - 4 potions of curing
 s - 3 potions of cancellation
 w - 2 potions of lignification {unknown}
 z - 3 potions of might
 A - 3 potions of magic
 D - 2 potions of haste {unknown}
 G - a potion of resistance {unknown}
 I - a potion of attraction {unknown}


   Skills:
 + Level 7.7 Fighting
 - Level 3.0 Maces & Flails
 + Level 6.2 Dodging
 - Level 1.7 Stealth
 - Level 6.0 Spellcasting
 - Level 7.0 Conjurations
 - Level 0.8 Transmutations
 + Level 8.0 Earth Magic


You had 15 spell levels left.
You knew the following spells:

 Your Spells              Type           Power      Damage    Failure   Level
a - Sandblast             Erth           80%        2d17      1%          1
b - Passwall              Tmut/Erth      20%        N/A       5%          2
c - Stone Arrow           Conj/Erth      74%        3d11      3%          3

Your spell library contained the following spells:

 Spells                   Type           Power      Damage    Failure   Level
 Animate Skeleton         Necr           12%        N/A       22%         1
 Pain                     Necr           24%        1d5       22%         1
 Corpse Rot               Necr/Air       12%        N/A       32%         2
 Poisonous Vapours        Pois/Air       12%        N/A       32%         2
 Petrify                  Tmut/Erth      24%        N/A       34%         4
 Vampiric Draining        Necr           6%         2d6       54%         3
 Lightning Bolt           Conj/Air       10%        1d23      80%         5
 Airstrike                Air            3%         N/A       91%         4
 Summon Lightning Spire   Summ/Air       6%         N/A       91%         4
 Summon Forest            Summ/Tloc      3%         N/A       99%         5
 Eringya's Noxious Bog    Tmut/Pois      4%         N/A       100%        6
 Summon Hydra             Summ           3%         N/A       100%        7


Dungeon Overview and Level Annotations

Branches:
Dungeon (10/15)            Temple (0/1) D:5            Lair (1/6) D:10
    Orc (0/2) D:10         Bailey (visited)


Innate Abilities, Weirdness & Mutations

You have an increased reservoir of magic. (+10% MP)
You shall have no god before yourself.
Your divine heritage dramatically boosts your attributes as you level up.


Message History

The eight-headed hydra bites you. x3; The eight-headed hydra misses you.
The eight-headed hydra completely misses you.
The eight-headed hydra misses you.
Casting: Stone Arrow (mildly dangerous; 3% risk of failure)
Confirm with . or Enter, or press ? or * to list all spells.
Aiming: Passwall (safe; 5% risk of failure)
Press: ? - help, Dir - move target, p - eight-headed hydra A rock wall.
This square is lit by a halo.
The eight-headed hydra closely misses you.
The eight-headed hydra bites you.
The eight-headed hydra bites you but does no damage. x3
The eight-headed hydra barely misses you.
The eight-headed hydra bites you!
The eight-headed hydra barely misses you.
You begin to meditate on the wall.
You continue meditating on the rock.
The eight-headed hydra bites you!
The eight-headed hydra closely misses you. x2
The eight-headed hydra bites you!
* * * LOW HITPOINT WARNING * * *
The eight-headed hydra bites you.
* * * LOW HITPOINT WARNING * * *
The eight-headed hydra misses you.
The eight-headed hydra bites you but does no damage. x2
You continue meditating on the rock.
The eight-headed hydra bites you.
* * * LOW HITPOINT WARNING * * *
The eight-headed hydra bites you but does no damage.
The eight-headed hydra barely misses you.
The eight-headed hydra misses you. x3; The eight-headed hydra bites you.
* * * LOW HITPOINT WARNING * * *
The eight-headed hydra completely misses you.
You continue meditating on the rock.
The eight-headed hydra closely misses you.
The eight-headed hydra completely misses you.
The eight-headed hydra barely misses you.
The eight-headed hydra bites you but does no damage.
The eight-headed hydra closely misses you.
The eight-headed hydra bites you!
You die...

## ### ######
##.###P#######.#P.##########
...................>.......#
#.......<...............#
##............@D.........#
#...#.#..#.#######.......#
##.#######.## #.......# #.##
##..# #.......# ##..#
#.†####.##.......# ###..##
##...............# .....##
#..#.###.#.##...# ......#
#..# # ######...#
.....#######..## #### #...#


You could see an eight-headed hydra.

Vanquished Creatures
  Harold (D:10)
  Urug (D:10)
  An orc knight (Bailey)
  Joseph (D:7)
  Maggie (D:9)
  An unseen horror (D:10)
  2 komodo dragons
  A hornet (D:9)
  A shadow (D:8)
  A vampire (D:10)
  4 yaks (D:10)
  Menkaure (D:7)
  An acid dragon (D:10)
  2 water moccasins
  3 orc warriors
  3 black bears
  A necrophage (D:4)
  An ogre (D:4)
  2 centaurs
  2 phantoms
  2 kobold brigands
  3 bullfrogs
  2 wyvern zombies
  A gnoll sergeant (D:9)
  4 scorpions
  8 killer bees
  6 wights
  A howler monkey (D:6)
  4 centaur zombies
  2 jellies
  An orc priest (D:7)
  2 gnoll shamans
  2 hounds (D:5)
  2 bullfrog skeletons
  7 orc wizards
  2 iguanas
  2 killer bee zombies
  2 hound skeletons (D:4)
  A howler monkey zombie (D:6)
  6 adders
  23 gnolls
  An ufetubus (D:7)
  2 worms (D:3)
  2 dart slugs
  40 orcs
  5 bats
  8 endoplasms
  2 giant cockroaches
  18 goblins
  5 hobgoblins
  15 kobolds
  7 quokkas
  6 ball pythons
  4 frilled lizards
  5 rats
  A spectral orc (D:3)
235 creatures vanquished.

Vanquished Creatures (others)
  A fungus (Lair:1)
1 creature vanquished.

Grand Total: 236 creatures vanquished

Notes
Turn   | Place    | Note
-------+----------+-------------------------------------------
     0 | D:1      | oldriver the Demigod Earth Elementalist began the quest for
                  | the Orb.
     0 | D:1      | Reached XP level 1. HP: 14/14 MP: 5/5
   147 | D:1      | Reached skill level 3 in Earth Magic
   147 | D:1      | Reached XP level 2. HP: 13/22 MP: 0/7
   311 | D:1      | Reached skill level 1 in Fighting
  1257 | D:1      | Reached XP level 3. HP: 28/28 MP: 7/9
  1973 | D:1      | Learned a level 2 spell: Passwall
  1977 | D:1      | Learned a level 3 spell: Stone Arrow
  1978 | D:2      | Found the +10 morningstar "Eos" {elec, Halo rElec}
  2172 | D:2      | Reached XP level 4. HP: 25/36 MP: 7/10
  3348 | D:4      | Noticed a necrophage
  3364 | D:4      | Killed a necrophage
  3365 | D:4      | Reached skill level 1 in Conjurations
  3365 | D:4      | Reached XP level 5. HP: 34/42 MP: 9/12
  3449 | D:4      | Reached skill level 4 in Earth Magic
  3536 | D:4      | Reached XP level 6. HP: 40/50 MP: 9/14
  4471 | D:4      | Reached XP level 7. HP: 33/57 MP: 9/16
  4664 | D:5      | Entered Level 5 of the Dungeon
  4742 | D:4      | Reached skill level 5 in Earth Magic
  5125 | D:5      | Found a staircase to the Ecumenical Temple.
  5447 | D:5      | Reached XP level 8. HP: 67/67 MP: 15/18
  6969 | D:6      | Reached skill level 5 in Fighting
  6969 | D:6      | Reached skill level 5 in Spellcasting
  7685 | D:7      | Reached skill level 6 in Earth Magic
  7798 | D:7      | Noticed Menkaure
  7804 | D:7      | Killed Menkaure
  7826 | D:7      | Found a flagged portal.
  7915 | Bailey   | Entered a bailey
  7935 | Bailey   | Reached XP level 9. HP: 74/74 MP: 15/20
  8174 | Bailey   | Noticed an orc knight
  8188 | Bailey   | Killed an orc knight
  8189 | Bailey   | Reached skill level 5 in Conjurations
  8810 | D:7      | Noticed Joseph
  8822 | D:7      | Killed Joseph
 10104 | D:9      | Noticed Maggie
 10113 | D:9      | Killed Maggie
 10676 | D:8      | Reached skill level 5 in Dodging
 10676 | D:8      | Reached skill level 7 in Earth Magic
 10907 | D:9      | Reached XP level 10. HP: 84/84 MP: 11/22
 10985 | D:10     | Entered Level 10 of the Dungeon
 11051 | D:10     | Reached skill level 1 in Maces & Flails
 11180 | D:10     | Found a staircase to the Lair.
 11312 | D:10     | Noticed Harold
 11326 | D:10     | Killed Harold
 11704 | D:10     | Found a staircase to the Orcish Mines.
 11709 | D:10     | Noticed Urug
 11718 | D:10     | Killed Urug
 12095 | D:10     | Noticed an angel
 12156 | D:10     | Identified the +8 flail of Crystal {speed, Fragile rN+
                  | rCorr Dex+9}
 12340 | Lair:1   | Entered Level 1 of the Lair of Beasts
 12397 | Lair:1   | Reached skill level 8 in Earth Magic
 12673 | Lair:1   | Noticed an eight-headed hydra
 12714 | Lair:1   | Mangled by an eight-headed hydra

Illustrated notes

Levels and vault maps discovered:
D:1:      dpeg_arrival_line_fractal, layout_basic,
          ebering_ecumenical_altar_webs, solitary_fountain
D:2:      layout_rooms, basic_altar
D:3:      layout_basic, yredelemnul_forgotten_temple_becter,
          nicolae_dithmenos_the_darkroom, kiku_gazebo_garden_becter
D:4:      layout_basic, marbit_many_paths, serial_corexii_hall,
          chequers_hall_statues_corner_a, chequers_hall_statues_y,
          minmay_joined_circles
D:5:      layout_gridville, minmay_temple_entry_junction
D:6:      layout_cave_pods, mainiacjoe_overflow_concentric_impassable
D:7:      layout_rooms, gammafunk_temple_overflow_elements,
          fedhas_bush_and_centaur_altar, enter_bailey_5, uniq_joseph,
          uniq_menkaure
D:8:      layout_loops_corners, led_sif_pool, kennysheep_little_box,
          st_stairs_13
D:9:      layout_roguey, minmay_misc_feat_alley, uniq_maggie
D:10:     layout_basic, zin_angel, lair_entry_dummy, orc_0_dummy, uniq_harold,
          uniq_urug
Lair:1:   gammafunk_cloud_chamber, layout_chaotic_city

Skill      XL: |  1  2  3  4  5  6  7  8  9 10 |
---------------+-------------------------------+-----
Spellcasting   | 2 3 4 5 6 |  6.0
Earth Magic    | 3 4 5 6 7 8 |  8.0
Fighting       | 1 2 3 4 5 6 7 |  7.7
Conjurations   | 1 2 3 4 6 7 |  7.0
Dodging        | 3 5 6 |  6.2
Maces & Flails | 3 |  3.0
Stealth        | |  1.7
Transmutations | |  0.8

Action                   |  1- 3 |  4- 6 |  7- 9 | 10-12 || total
-------------------------+-------+-------+-------+-------++-------
Melee: Unarmed           |     1 |       |       |       ||     1
       Club              |    66 |       |       |       ||    66
       Morningstar       |    10 |    62 |    31 |     5 ||   108
       Punch             |     2 |       |       |       ||     2
 Cast: Sandblast         |    27 |    29 |    40 |       ||    96
       Stone Arrow       |       |       |   162 |    80 ||   242
       Passwall          |       |       |       |     1 ||     1
  Use: Scroll            |       |       |    16 |     1 ||    17
 Stab: Sleeping          |     3 |     1 |       |       ||     4
Armor: Robe              |    35 |    13 |    15 |       ||    63
       Ring mail         |       |       |    15 |    12 ||    27
       Swamp dragon scal |       |       |       |    10 ||    10
Dodge: Dodged            |    73 |    40 |   100 |    55 ||   268

Table legend: (Time is in decaauts)
 A = Elapsed time spent in this place.
 B = Non-inter-level travel time spent in this place.
 C = Inter-level travel time spent in this place.
 D = Time resting spent in this place.
 E = Time spent auto-exploring this place.
 F = Levels seen in this place.
 G = Mean time per level.
                   A        B        C        D        E       F      G
               +--------+--------+--------+--------+--------+-----+--------+
         Total |  12804 |  12236 |    568 |   3503 |   6771 |  12 | 1067.0 |
       Dungeon |  11816 |  11249 |    567 |   3161 |   6380 |  10 | 1181.6 |
          Lair |    373 |    373 |      0 |    179 |    120 |   1 |  373.0 |
        Bailey |    613 |    613 |      0 |    163 |    271 |   1 |  613.0 |
               +--------+--------+--------+--------+--------+-----+--------+

Top non-repeatable levels by time:
     D:1: 1993 daAuts
     D:4: 1861 daAuts
     D:6: 1386 daAuts
    D:10: 1212 daAuts
     D:8: 1169 daAuts
     D:5: 1148 daAuts
     D:9: 935 daAuts
     D:3: 872 daAuts
     D:7: 762 daAuts
  Bailey: 613 daAuts
     D:2: 474 daAuts
  Lair:1: 373 daAuts
